 Dungeon Crawl Stone Soup version 0.30-a0-341-g682706514a (webtiles) character file.

Game seed: 16361519397224869440

643082 Ijustatesigmund the Gargoyle Aeon (level 27, -15/188 HPs)
             Began as a Gargoyle Fighter on Oct 31, 2022.
             Was the Champion of Cheibriados.
             Killed from afar by a wendigo (27 damage)
             ... with a seracfall
             ... on level 7 of Cocytus on Nov 4, 2022.
             The game lasted 03:49:22 (63713 turns).

Ijustatesigmund the Gargoyle Aeon (GrFi)           Turns: 63713, Time: 03:49:23

Health: -15/188    AC: 28    Str: 46    XL:     27
Magic:  15/39      EV: 26    Int: 38    God:    Cheibriados [******]
Gold:   4096       SH: 23    Dex: 34    Spells: 19/39 levels left

rFire   + + .      SeeInvis +    n - +7 eveningstar (holy)
rCold   + + +      Faith    .    c - +5 kite shield {reflect}
rNeg    + + +      Spirit   .    b - +4 skin of Zhor {*Englaciate rC+++ SInv}
rPois   ∞          Reflect  +    x - +2 helmet {SInv}
rElec   +          Harm     .    D - scarf {repulsion}
rCorr   .          Rampage  .    V - +2 pair of gloves of Itzajuusa {*Corrode rN++}
Will    ++...                    q - +0 pair of boots "Harath" {Drain rN+ Dex+2}
Stlth   ++........               R - amulet of Vitality {RegenMP++ Regen++}
HPRegen 2.11/turn                N - ring "Nenkyn" {rF+ Int+6 Slay+2 Stlth-}
MPRegen 1.06/turn                z - ring of Wacse {Wiz Drain rF+ Int+2 Dex+9}

@: corroded, flying, studying 2 skills, repel missiles, unable to drink, very
slow
A: sickness immunity, AC +20, big wings, negative energy resistance 1,
electricity resistance, torment resistance 1, petrification resistance, hooves
1, strong 1, subdued magic 1, MP-powered wands
}: 5/15 runes: decaying, slimy, silver, abyssal, gossamer
a: Renounce Religion, Bend Time, Temporal Distortion, Slouch, Step From Time


You were on level 7 of Cocytus.
You worshipped Cheibriados.
Cheibriados was exalted by your worship.
You visited 14 branches of the dungeon, and saw 60 of its levels.
You visited the Abyss 2 times.
You also visited: Trove.

You collected 9869 gold pieces.
You spent 5773 gold pieces at shops.

Inventory:

Hand Weapons
 a - a +9 vampiric flail
 n - a +7 eveningstar of holy wrath (weapon)
Armour
 b - the +4 skin of Zhor (worn) {*Englaciate rC+++ SInv}
   (You bought it in a shop on level 1 of the Dungeon)

   It radiates cold, occasionally slowing all nearby creatures who are not
   resistant to cold.
   rC:        It renders you almost immune to cold.
   SInv:      It lets you see invisible.
 c - a +5 kite shield of reflection (worn)
 q - the +0 pair of boots "Harath" (worn) {Drain rN+ Dex+2}
   (You found it on level 3 of the Elven Halls)

   Dex:       It affects your dexterity (+2).
   rN:        It protects you from negative energy.
   Drain:     It drains your maximum health when unequipped.
 t - the +0 pair of gloves of Noiros {Int+4 Dex+7}
   (You found it in a treasure trove)

   Int:       It affects your intelligence (+4).
   Dex:       It affects your dexterity (+7).
 v - +2 fire dragon scales
 x - a +2 helmet of see invisible (worn)
 D - a scarf of repulsion (worn)
 V - the +2 pair of gloves of Itzajuusa (worn) {*Corrode rN++}
   (You took it off Nikola on level 4 of the Swamp)

   rN:        It greatly protects you from negative energy.
   *Corrode:  It may corrode you when you take damage.
Jewellery
 d - the ring "Tat Jel" {EV+4 Dex+6}
   (You bought it in a shop on level 2 of the Orcish Mines)

   [ring of evasion]

   EV:        It affects your evasion (+4).
   Dex:       It affects your dexterity (+6).
 k - the amulet of Cheibriados, Changing {Reflect rElec Dex+4 SH+5}
   (You found it in a treasure trove)

   [amulet of reflection]

   It reflects blocked missile attacks.
   Dex:       It affects your dexterity (+4).
   rElec:     It insulates you from electricity.
   SH:        It affects your SH (+5).
 l - the ring of Virtue {rPois rF+ rN+ Str+3 Int+4}
   (You took it off a vampire knight on level 3 of the Crypt)

   [ring of positive energy]

   Str:       It affects your strength (+3).
   Int:       It affects your intelligence (+4).
   rF:        It protects you from fire.
   rPois:     It protects you from poison.
   rN:        It protects you from negative energy.
 o - a ring of protection from fire
 z - the ring of Wacse (right hand) {Wiz Drain rF+ Int+2 Dex+9}
   (You found it on level 3 of the Elven Halls)

   [ring of wizardry]

   It improves your spell success rate.
   Int:       It affects your intelligence (+2).
   Dex:       It affects your dexterity (+9).
   rF:        It protects you from fire.
   Drain:     It drains your maximum health when unequipped.
 E - the ring of Ulussikiock {rN+ Dex+4}
   (You took it off a vampire knight on level 3 of the Crypt)

   [ring of positive energy]

   Dex:       It affects your dexterity (+4).
   rN:        It protects you from negative energy.
 H - the amulet of Puejuneo {rF++ Will+ Regen+}
   (You took it off a vampire knight on level 3 of the Crypt)

   [amulet of regeneration]

   rF:        It greatly protects you from fire.
   Regen:     It increases your rate of health regeneration.
   Will:      It increases your willpower.
 N - the ring "Nenkyn" (left hand) {rF+ Int+6 Slay+2 Stlth-}
   (You found it on level 5 of the Pits of Slime)

   [ring of intelligence]

   Int:       It affects your intelligence (+6).
   Slay:      It affects your accuracy & damage with ranged weapons and melee
   (+2).
   rF:        It protects you from fire.
   Stlth:     It makes you less stealthy.
 P - a ring of magical power
 R - the amulet of Vitality (around neck) {RegenMP++ Regen++}
   (You bought it in a shop on level 3 of the Vaults)

   [amulet of magic regeneration]

   It increases your rate of magic regeneration.
   Regen:     It increases your rate of health regeneration.
Wands
 j - a wand of polymorph (25)
 s - a wand of digging (16)
 u - a wand of flame (36)
 y - a wand of charming (18)
 K - a wand of light (18)
 Z - a wand of mindburst (5)
Scrolls
 f - 2 scrolls of enchant armour
 p - 3 scrolls of fog
 w - 5 scrolls of fear
 A - 8 scrolls of poison
 B - 6 scrolls of teleportation
 C - 7 scrolls of immolation
 L - 2 scrolls of silence
 M - 3 scrolls of torment
 T - 2 scrolls of summoning
 X - 8 scrolls of amnesia
Potions
 e - 11 potions of curing
 g - 5 potions of resistance
 h - a potion of cancellation
 i - 11 potions of lignification
 m - 6 potions of magic
 F - 3 potions of mutation
 G - 7 potions of ambrosia
 J - 3 potions of might
 Q - 8 potions of brilliance
 S - 3 potions of heal wounds
 W - 2 potions of berserk rage
 Y - 7 potions of attraction
Miscellaneous
 r - a phantom mirror
 U - a condenser vane


   Skills:
 - Level 23.5 Fighting
 - Level 18.2 Maces & Flails
 - Level 11.2 Armour
 - Level 11.8 Dodging
 - Level 17.0 Shields
 - Level 6.5 Spellcasting
 + Level 10.6 Conjurations
 - Level 3.7 Translocations
 - Level 3.8 Transmutations
 + Level 11.0 Fire Magic
 - Level 4.5 Air Magic
 - Level 9.7 Poison Magic
 + Level 25.9 Invocations
 - Level 15.5 Evocations


You had 19 spell levels left.
You knew the following spells:

 Your Spells              Type           Power      Damage    Failure   Level
a - Poisonous Vapours     Pois/Air       100%       N/A       1%          2
b - Wereblood             Tmut           32%        N/A       1%          2
c - Olgreb's Toxic Radia  Pois           61%        N/A       1%          4
d - Apportation           Tloc           62%        N/A       1%          1
e - Blink                 Tloc           62%        N/A       1%          2
f - Starburst             Conj/Fire      32%        6d10      2%          6
g - Lesser Beckoning      Tloc           62%        N/A       1%          3

Your spell library contained the following spells:

 Spells                   Type           Power      Damage    Failure   Level
 Freeze                   Ice            36%        1d5       1%          1
 Kiss of Death            Conj/Necr      100%       2d13      1%          1
 Necrotise                Necr           36%        1d5       1%          1
 Sting                    Tmut/Pois      100%       1d8       1%          1
 Momentum Strike          Conj/Tloc      100%       3d10      1%          2
 Dazzling Flash           Conj/Hex       80%        N/A       1%          3
 Hailstorm                Conj/Ice       40%        3d10      1%          3
 Kindle Blastsparks       Fire/Tloc/Air  94%        2d17      1%          3
 Mephitic Cloud           Conj/Pois/Air  55%        N/A       1%          3
 Stone Arrow              Conj/Erth      80%        3d12      1%          3
 Fulminant Prism          Conj/Hex       20%        3d12      1%          4
 Iskenderun's Mystic Bla  Conj/Tloc      51%        2d11      1%          4
 Arcjolt                  Conj/Air       26%        1d36      1%          5
 Iskenderun's Battlesphe  Conj           64%        2d11      1%          5
 Ensorcelled Hibernation  Hex/Ice        18%        N/A       2%          2
 Alistair's Intoxication  Tmut/Pois      32%        N/A       2%          5
 Irradiate                Conj/Tmut      25%        3d20      2%          5
 Passage of Golubria      Tloc           31%        N/A       3%          4
 Confusing Touch          Hex            9%         N/A       4%          3
 Frozen Ramparts          Ice            18%        1d3       4%          3
 Ozocubu's Armour         Ice            9%         N/A       4%          3
 Summon Guardian Golem    Hex/Summ       9%         N/A       4%          3
 Tukima's Dance           Hex            9%         N/A       4%          3
 Ice Form                 Ice/Tmut       20%        N/A       8%          4
 Petrify                  Tmut/Erth      20%        N/A       8%          4
 Blade Hands              Tmut           16%        N/A       9%          5
 Anguish                  Hex/Necr       4%         N/A       16%         4
 Animate Armour           Summ/Erth      18%        N/A       16%         4
 Animate Dead             Necr           9%         N/A       16%         4
 Dispel Undead            Necr           9%         3d8       16%         4
 Leda's Liquefaction      Hex/Erth       4%         N/A       16%         4
 Summon Ice Beast         Ice/Summ       9%         N/A       16%         4
 Silence                  Hex/Air        11%        N/A       17%         5
 Orb of Destruction       Conj           32%        9d10      17%         7
 Summon Forest            Summ/Tloc      10%        N/A       21%         5
 Yara's Violent Unravell  Hex/Tmut       10%        3d6       21%         5
 Iron Shot                Conj/Erth      20%        9d5       28%         6
 Lee's Rapid Deconstruct  Erth           4%         3d5*      41%         5
 Metabolic Englaciation   Hex/Ice        4%         N/A       41%         5
 Spellforged Servitor     Conj/Summ      20%        N/A       82%         7
 Death Channel            Necr           4%         N/A       92%         6
 Simulacrum               Ice/Necr       4%         N/A       92%         6
 Dragon Form              Tmut           16%        N/A       95%         7
 Malign Gateway           Summ/Tloc      10%        N/A       99%         7
 Enfeeble                 Hex            4%         N/A       100%        7
 Haunt                    Necr/Summ      4%         N/A       100%        7
 Ozocubu's Refrigeration  Ice            4%         4d8       100%        7
 Summon Hydra             Summ           4%         N/A       100%        7
 Borgnjor's Revivificati  Necr           4%         N/A       100%        8
 Infestation              Necr           4%         N/A       100%        8
 Lehudib's Crystal Spear  Conj/Erth      20%        10d6      100%        8
 Necromutation            Tmut/Necr      10%        N/A       100%        8
 Death's Door             Necr           4%         N/A       100%        9
 Fire Storm               Conj/Fire      32%        8d8       100%        9
 Cigotuvi's Dreadful Rot  Necr/Pois/Air  Unusable   N/A       N/A         2
 Sublimation of Blood     Necr           Unusable   N/A       N/A         2
 Statue Form              Tmut/Erth      Unusable   N/A       N/A         6

Dungeon Overview and Level Annotations

Branches:
Dungeon (15/15)            Temple (1/1) D:4            Lair (5/5) D:8
  Swamp (4/4) Lair:3       Spider (4/4) Lair:2        Slime (5/5) Lair:5
    Orc (2/2) D:11            Elf (3/3) Orc:2        Vaults (5/5) D:14
  Crypt (3/3) Vaults:2       Tomb (0/3) Crypt:3      Depths (4/4) D:15
   Hell (visited)             Dis (0/7) Hell            Geh (0/7) Hell
    Coc (7/7) Hell            Tar (1/7) Hell            Zot (0/5) Depths:4

Altars:
Ashenzari
Cheibriados
Dithmenos
Elyvilon
Fedhas
Gozag
Hepliaklqana
Kikubaaqudgha
Makhleb
Nemelex Xobeh
Okawaru
Qazlal
Ru
Sif Muna
Trog
Uskayaw
Vehumet
Wu Jian
Xom
Yredelemnul
Zin
The Shining One
Jiyva

Shops:
D:1 [   D:2 *   D:3 *   D:6 *   D:13 *   Orc:2 =*[(   Elf:2 [?!   Elf:3 *
Vaults:1 !(=?   Vaults:3 =

Portals:
Hell: Depths:1 Depths:2 Depths:3 Depths:4
Abyss: Depths:1 Depths:2 Depths:3 Depths:4
Pandemonium: Depths:1 Depths:2 Depths:3
Ziggurat: Depths:4

Annotations:
D:12 1 runed translucent door, Bijuu's ghost, journeyman HOFi
Coc:7 Serpent of Hell


Innate Abilities, Weirdness & Mutations

You are immune to sickness and miasma.
Your stone body is resilient. (AC +20)
You are immune to poison.
Your large and strong wings let you fly.
You resist negative energy. (rN+)
You are resistant to electric shocks. (rElec)
You are resistant to unholy torment.
You are immune to petrification.
You have large cloven feet.
Your muscles are strong. (Str +4, Int/Dex -1)
Your spells are a little easier to cast, but a little less powerful.
You expend magic power (3 MP) to strengthen your wands.


Message History

You block the Serpent of Hell's attack. The Serpent of Hell misses you.
You block the Serpent of Hell's attack.
The Serpent of Hell completely misses you. x2
An elemental wellspring comes into view.
You hit the Serpent of Hell.
The Serpent of Hell convulses.
The Serpent of Hell is heavily wounded.
The Serpent of Hell roars!
A dragon appears.
The golden dragon breathes fire at you. The bolt of fire hits you! You resist.
You block the golden dragon's attack. The golden dragon misses you. x2
You hit the Serpent of Hell but do no damage.
The Serpent of Hell is heavily wounded.
The water elemental is no longer moving slowly.
An anaconda simulacrum comes into view.
The Serpent of Hell bites you! The Serpent of Hell freezes you! You resist.
You block the Serpent of Hell's attack. x2
The Serpent of Hell closely misses you.
The Serpent of Hell completely misses you.
Water spirits pour forth from the elemental wellspring!
The golden dragon bites you!
* * * LOW HITPOINT WARNING * * *
The golden dragon completely misses you. x2
The golden dragon bites you!
* * * LOW HITPOINT WARNING * * *
Your corrosive artefact corrodes you!
The golden dragon misses you. You block the golden dragon's attack.
The elemental wellspring's watery aura covers the Zot trap.
Okay, then.
You step out of the flow of time.
You return to the normal time flow. 7 simulacra and 2 wendigos come into view.
The wendigo howls! x2; You hear a howl!
The wendigo gestures.
The caustic shrike simulacrum collapses into a mass of ice!
The mass of ice explodes!
The seracfall engulfs you!! You partially resist.
* * * LOW HITPOINT WARNING * * *
The wendigo gestures.
The spriggan defender simulacrum collapses into a mass of ice!
The mass of ice explodes!
The seracfall engulfs you!! You partially resist.
You die...

,,~~~,...≈≈≈≈≈≈≈≈≈≈≈≈≈~~~~~~~~~~~
~~~~~~≈≈.≈≈≈≈≈≈≈≈≈≈≈≈≈~~~~~~~~~~~
~~~~~~≈≈≈≈≈≈≈≈≈≈≈≈≈≈≈≈~≈~~~~~~~~~
~~~~~~≈≈1≈≈≈≈≈≈≈≈....,..,~~~~~~~~
~~~~~~≈≈≈≈≈≈≈≈≈....,,.1,,,,~~~~~~
~~~~~~≈≈≈≈≈≈≈≈...###'###,~~~~~~~~
~~~~~~≈≈≈≈≈≈≈...##R..Z.##~~~~~~~~
~~~~~~≈≈≈≈≈≈≈...#.ZZ.R..#~~~~~~~~
,~~~~~≈≈≈≈≈≈≈...@☼○R∩Z..+,,,~~~~~
,~~~~~≈≈~~≈≈≈..^#..ZZ...#,,,~~~~~
,,~~~~~~~~~~~...##.Z...##,,,~~~~~
,~~~~~≈~~≈≈≈~~...###'###,,,~~~~~~
,~~~~~≈≈≈≈≈≈≈≈≈.§..,,..,,,,~~~~~~
~~~~~~≈≈≈≈≈≈≈≈≈≈.~..,,..,~~~~~~~,
~~~~~~≈≈≈≈≈.≈≈≈≈≈E≈≈≈≈~≈~~~~~~~~,
~~~~~~≈≈≈≈≈.≈≈≈≈E≈≈≈≈≈~~~~~~~~~~~
~~~~~~~≈≈.R≈≈≈≈≈≈≈≈≈≈E~~~~~~~~~~~


You could see an Ice Fiend, 3 wendigos, an anaconda simulacrum, a dire elephant
simulacrum, a quicksilver dragon simulacrum, a harpy simulacrum, an iron giant
simulacrum and 2 juggernaut simulacra.

Vanquished Creatures
  the Royal Jelly (Slime:5)
  Dissolution (Slime:3)
  2 dread liches (Vaults:5)
  2 ancient liches
  A juggernaut (Depths:1)
  Boris (twice) (Vaults:2 Crypt:1)
  Frederick (Vaults:4)
  Margery (Vaults:3)
  Bai Suzhen (Vaults:1)
  16 shard shrikes
  Saint Roka (Orc:2)
  Xtahua (Vaults:2)
  Geryon (Hell)
  The ghost of Yzeiphu the Earth Mage, an adept OpEE of Vehumet (Crypt:2)
  4 caustic shrikes
  Nikola (Swamp:4)
  3 golden dragons
  Arachne (Spider:4)
  2 bone dragons
  Zenata (Elf:2)
  7 tentacled monstrosities
  Rupert (Spider:1)
  3 liches
  4 Ice Fiends
  15 acid blobs
  A deep elf blademaster (Elf:3)
  A deep elf master archer (Elf:3)
  3 walking frostbound tomes
  2 quicksilver dragons (Vaults:5)
  3 tentacled starspawn
  10 titans
  Gastronok (D:8)
  4 sphinxes
  4 ancient champions
  8 tengu reavers
  4 storm dragons
  2 shadow dragons (Vaults:5)
  5 narguns
  3 revenants (Crypt:1)
  8 rockslimes
  11 fire giants
  Roxanne (Elf:2)
  13 vault wardens
  8 azure jellies
  Louise (Depths:1)
  4 iron dragons
  A draconian scorcher (Depths:4)
  3 emperor scorpions
  2 deep elf sorcerers (Elf:3)
  A draconian shifter (Depths:4)
  2 balrugs
  14 frost giants
  6 ghost moths
  9 curse skulls
  3 war gargoyles
  3 caustic shrike zombies
  7 shard shrike simulacra
  10 quicksilver oozes
  6 deep elf elementalists (Elf:3)
  7 reapers
  3 broodmothers (Spider:2)
  3 orc warlords
  5 ghouls
  A spriggan defender (Depths:1)
  14 ironbound preservers
  24 stone giants
  A putrid mouth (Tar:1)
  A caustic shrike skeleton (Crypt:1)
  A juggernaut skeleton (Abyss:2)
  27 very ugly things
  18 elemental wellsprings
  22 vampire knights
  Nessos (D:13)
  6 ironbound thunderhulks
  8 wendigos
  6 deep elf demonologists
  A bunyip (shapeshifter) (Vaults:2)
  2 eleionomae
  2 black draconians (Depths:4)
  5 bunyips
  A lorocyproca (Hell)
  A white draconian (Depths:4)
  8 dire elephants
  A yellow draconian (Abyss:3)
  4 deep elf annihilators
  7 spark wasps
  6 eidola
  A blizzard demon (Depths:1)
  A red draconian (Depths:4)
  4 crystal guardians
  12 jiangshi
  11 deep elf death magi
  A green death (Hell)
  10 deep elf high priests
  A shambling mangrove (Swamp:2)
  An ettin (shapeshifter) (Vaults:5)
  An entropy weaver (Spider:2)
  Fannar (D:12)
  2 rakshasas
  A merfolk impaler (Depths:2)
  15 ettins
  12 fire dragons
  9 great orbs of eyes
  14 yaktaur captains
  An entropy weaver (shapeshifter) (D:15)
  Harold (D:9)
  2 peacekeepers
  28 vault guards
  14 ice dragons
  9 hydras
  4 caustic shrike simulacra
  2 hell beasts
  An Orb Guardian zombie (Crypt:2)
  5 ogre magi
  3 ghost crabs
  7 spriggan air magi
  A death knight (Crypt:1)
  9 ironbound frosthearts
  A juggernaut simulacrum (Coc:5)
  11 two-headed ogres
  A quicksilver dragon skeleton (Crypt:2)
  6 centaur warriors
  8 alligators
  2 radroaches (Spider:4)
  34 dancing weapons
  6 tengu warriors
  2 hell hogs (Hell)
  2 naga warriors (Abyss:3)
  11 deep troll shamans
  6 death yaks (Lair:4)
  2 titan zombies
  7 deep troll earth magi
  2 soul eaters (Depths:4)
  7 boulder beetles
  13 vampire magi
  An orc high priest (Orc:2)
  4 thrashing horrors (Abyss:3)
  Urug (Orc:2)
  5 spriggan berserkers
  Sonja (D:11)
  6 sun demons
  24 deep elf knights
  Nergalle (Orc:2)
  19 hell knights
  4 pharaoh ants
  2 sun moths
  2 wretched stars (Abyss:3)
  7 iron trolls
  4 goliath frogs
  2 steelbarb worms
  A storm dragon zombie (Hell)
  2 anaconda zombies
  2 sixfirhies (Abyss:3)
  A spark wasp zombie (Hell)
  A death drake (Abyss:3)
  An iron giant zombie (Crypt:3)
  36 skeletal warriors
  3 glowing orange brains
  2 swamp dragons
  4 spriggan simulacra
  3 bog bodies
  4 quicksilver dragon simulacra
  32 deep trolls
  4 orb spiders
  4 spriggan druids
  11 necromancers
  An obsidian statue (Vaults:4)
  26 phantasmal warriors
  5 flayed ghosts
  A swamp dragon (shapeshifter) (Vaults:5)
  5 harpies (Vaults:1)
  13 deep elf archers
  8 orc knights
  16 ironbound convokers
  A shadow dragon zombie (Crypt:3)
  11 wizards
  12 lindwurms
  An anaconda skeleton (Crypt:1)
  29 deep elf pyromancers
  5 will-o-the-wisps
  An iron dragon zombie (Vaults:5)
  34 deep elf zephyrmancers
  6 orc sorcerers
  13 wolf spiders
  4 cyclopes
  2 frost giant zombies (Hell)
  4 stone giant zombies
  A worldbinder (Abyss:2)
  A manticore (D:13)
  A spectral ettin (Tar:1)
  60 ugly things
  5 shining eyes
  A salamander (Abyss:3)
  A guardian serpent (shapeshifter) (Abyss:3)
  2 moths of wrath
  2 guardian serpents
  19 vault sentinels
  3 apocalypse crabs (Abyss:2)
  A water nymph (shapeshifter) (D:14)
  2 gargoyles (D:12)
  6 elephants
  An elephant (shapeshifter) (Abyss:2)
  9 titan simulacra
  21 cane toads
  9 smoke demons
  A stone giant skeleton (Crypt:3)
  A centaur skeleton (Hell)
  2 dire elephant zombies (Crypt:3)
  An eye of devastation (shapeshifter) (Depths:1)
  9 rust devils
  A torpor snail (Lair:3)
  10 black mambas
  8 eyes of devastation
  A catoblepas zombie (Crypt:3)
  3 molten gargoyles (Depths:4)
  An unseen horror zombie (D:10)
  3 rime drakes
  9 unseen horrors
  Psyche (D:11)
  4 tormentors
  3 hellions
  A kobold demonologist (Abyss:3)
  12 demonic crawlers
  11 freezing wraiths
  6 anaconda simulacra
  10 komodo dragons
  An iron giant simulacrum (Coc:4)
  2 golden dragon simulacra
  31 yaktaurs
  8 tengu conjurers
  4 efreet
  A purple draconian skeleton (Crypt:3)
  A yaktaur skeleton (Vaults:5)
  4 ancient zymes
  7 meliai
  A harpy zombie (Crypt:3)
  3 polar bears
  9 tyrant leeches
  A red devil (Hell)
  18 hornets
  5 trolls
  23 tarantellas
  A harpy skeleton (Abyss:2)
  11 blink frogs
  155 slime creatures
  A hydra skeleton (Crypt:1)
  3 iron dragon simulacra
  8 raiju (Abyss:3)
  A slime creature (shapeshifter) (D:15)
  A satyr zombie (Crypt:2)
  4 dream sheep
  2 stone giant simulacra
  Sigmund (D:3)
  2 ettin zombies
  A dream sheep (shapeshifter) (Depths:4)
  A centaur simulacrum (Hell)
  A jumping spider (shapeshifter) (Elf:2)
  17 flying skulls
  A shadow (D:10)
  2 spriggan zombies (Hell)
  10 water elementals
  23 jumping spiders
  2 wind drake zombies
  9 dire elephant simulacra
  Eustachio (D:5)
  A black mamba zombie (Crypt:3)
  11 wraiths
  2 ynoxinuls (Abyss:2)
  14 spriggans
  5 air elementals
  A spriggan (shapeshifter) (Abyss:2)
  18 wyverns
  51 yaks
  4 fire bats
  5 large abominations
  20 culicivoras
  3 steam dragons
  2 basilisks
  2 chaos spawn (Abyss:3)
  A neqoxec (Abyss:3)
  2 swamp worm simulacra (Swamp:4)
  2 golden eyes (shapeshifter)
  17 golden eyes
  6 fire elementals
  A basilisk (shapeshifter) (D:14)
  44 redbacks
  3 death yak simulacra (Lair:4)
  17 harpy simulacra
  A swamp worm (shapeshifter) (Vaults:5)
  12 swamp worms
  2 two-headed ogre zombies
  4 wargs
  2 nagas (Abyss:3)
  10 vampire mosquitoes
  31 water moccasins
  6 small abominations
  2 floating eyes
  13 hydra simulacra
  Duvessa (D:7)
  14 hell hounds
  A faun skeleton (Crypt:3)
  A deep troll skeleton (Crypt:1)
  2 swamp drakes (Swamp:1)
  6 ettin simulacra
  A hornet zombie (Crypt:2)
  A sky beast (D:7)
  A black bear (Lair:2)
  43 orc warriors
  6 boggarts
  4 ice beasts
  A snapping turtle zombie (Crypt:1)
  8 centaurs
  6 ogres
  A blink frog skeleton (Crypt:3)
  A swamp dragon skeleton (Crypt:2)
  2 phantoms
  7 kobold brigands
  Blork the orc (Orc:2)
  6 bullfrogs
  2 gnoll sergeants (D:9)
  3 necrophages
  6 earth elementals
  3 human skeletons
  2 cane toad simulacra (Lair:4)
  A naga simulacrum (Coc:5)
  A draconian skeleton (Crypt:1)
  3 scorpions (Lair:2)
  5 wights
  Dowan (D:7)
  4 killer bees
  An elephant simulacrum (Lair:4)
  3 electric eels (Spider:1)
  9 howler monkeys
  A centaur zombie (D:10)
  A crimson imp (Abyss:3)
  19 starcursed masses (Abyss:2)
  5 hounds
  5 jellies
  A quasit (Abyss:3)
  2 gnoll boudas
  23 orc priests
  2 iron imps
  Jessica (D:3)
  Ijyb (D:4)
  4 iguanas
  27 orc wizards
  A killer bee zombie (Crypt:3)
  An acid dragon zombie (Crypt:3)
  A hound zombie (Crypt:2)
  35 gnolls
  30 adders
  A white imp (D:6)
  3 ufetubi
  6 swamp drake simulacra (Swamp:4)
  A worm zombie (Crypt:3)
  5 worms
  2 dart slugs
  98 orcs
  A bat skeleton (Crypt:2)
  A bat zombie (Crypt:3)
  11 endoplasms
  8 giant cockroaches
  4 hobgoblins
  11 jackals (D:4)
  3 quokkas
  7 ball pythons
  A ball python zombie (Crypt:1)
  5 bats
  A frilled lizard (D:2)
  8 goblins
  A hobgoblin zombie (Crypt:1)
  23 kobolds
  An orc zombie (Crypt:2)
  5 rats
  A lurking horror (Abyss:3)
  2 starspawn tentacles (Abyss:3)
2584 creatures vanquished.

Vanquished Creatures (collateral kills)
  2 fire dragons (Depths:1)
  A hell beast (Depths:1)
  A hydra (Lair:3)
  A dancing weapon (Elf:2)
  2 deep elf knights (Elf:2)
  A deep elf archer (Elf:2)
  A deep elf pyromancer (Elf:2)
  2 deep elf zephyrmancers (Elf:2)
  A tengu conjurer (Depths:1)
  3 slime creatures (Slime:5)
  A golden eye (Slime:5)
16 creatures vanquished.

Vanquished Creatures (others)
  An Ice Fiend (Coc:7)
  A deep elf master archer (Elf:3)
  A storm dragon (Vaults:5)
  A frost giant (Depths:1)
  2 shard shrike simulacra (Coc:7)
  An ironbound preserver (Vaults:5)
  A draconian annihilator (Abyss:3)
  An elemental wellspring (Coc:7)
  A caustic shrike simulacrum (Coc:7)
  A juggernaut simulacrum (Coc:7)
  A centaur warrior (Vaults:2)
  A boulder beetle (D:13)
  A spriggan (Swamp:4)
  3 deep elf knights (Elf:2)
  A hell knight (Hell)
  2 spriggan simulacra
  A wizard (Vaults:1)
  3 deep elf zephyrmancers
  A fenstrider witch simulacrum (Hell)
  A deep elf pyromancer (Elf:3)
  An ugly thing (D:14)
  An emperor scorpion simulacrum (Coc:1)
  A storm dragon simulacrum (Coc:1)
  An iron giant simulacrum (Coc:1)
  3 anaconda simulacra
  A golden dragon simulacrum (Coc:7)
  3 bloated husks
  A tarantella (Spider:4)
  A tyrant leech (Swamp:4)
  A hornet (Swamp:4)
  A water elemental (Elf:1)
  A dire elephant simulacrum (Coc:1)
  A naga simulacrum (Hell)
  A golden eye (shapeshifter) (Elf:1)
  5 harpy simulacra
  A swamp worm (Swamp:3)
  An acid dragon (D:9)
  A hydra simulacrum (Coc:1)
  A starcursed mass (Abyss:2)
  2 ettin simulacra (Coc:1)
  A fire dragon simulacrum (Coc:1)
  An ufetubus (Abyss:2)
  29 foxfires
  27 fungi
  A lurking horror (Abyss:2)
  85 plants
  6 starspawn tentacles
  8 toadstools (D:7)
213 creatures vanquished.

Grand Total: 2813 creatures vanquished

Notes
Turn   | Place    | Note
-------+----------+-------------------------------------------
     0 | D:1      | Ijustatesigmund the Gargoyle Fighter began the quest for
                  | the Orb.
     0 | D:1      | Reached XP level 1. HP: 14/14 MP: 1/1
   297 | D:1      | Reached XP level 2. HP: 17/19 MP: 2/2
   432 | D:1      | You fall into a shaft and drop 1 floor!
  1012 | D:1      | Found Xexor's Antique Armour Boutique.
  1016 | D:1      | Reached XP level 3. HP: 21/24 MP: 3/3
  1502 | D:2      | Reached XP level 4. HP: 29/30 MP: 4/4
  2012 | D:2      | Reached XP level 5. HP: 23/34 MP: 5/5
  2055 | D:3      | Noticed Jessica
  2066 | D:3      | Killed Jessica
  2159 | D:3      | Noticed Sigmund
  2169 | D:3      | Killed Sigmund
  2170 | D:3      | Reached skill level 5 in Fighting
  2170 | D:3      | Reached XP level 6. HP: 31/40 MP: 6/6
  2314 | D:3      | Found Duripaq's General Store.
  2322 | D:3      | Bought a scroll of identify for 22 gold pieces
  2328 | D:3      | Bought a +0 kite shield for 49 gold pieces
  2619 | D:4      | Found a staircase to the Ecumenical Temple.
  2620 | D:4      | Noticed Ijyb
  2631 | D:4      | Killed Ijyb
  2637 | Temple   | Entered the Ecumenical Temple
  2962 | Temple   | Became a worshipper of Cheibriados the Contemplative
  3027 | D:4      | Reached skill level 1 in Invocations
  3027 | D:4      | Reached XP level 7. HP: 45/45 MP: 7/7
  3314 | D:4      | Reached * piety under Cheibriados
  3330 | D:4      | Reached skill level 5 in Maces & Flails
  3424 | D:4      | Reached skill level 2 in Invocations
  3891 | D:3      | Reached ** piety under Cheibriados
  3898 | D:3      | Reached XP level 8. HP: 28/52 MP: 9/9
  4055 | D:4      | Reached skill level 3 in Invocations
  4831 | D:5      | Entered Level 5 of the Dungeon
  4967 | D:5      | Reached skill level 5 in Shields
  5150 | D:5      | Reached *** piety under Cheibriados
  5342 | D:5      | Noticed Eustachio
  5353 | D:5      | Killed Eustachio
  5354 | D:5      | Reached skill level 1 in Dodging
  5354 | D:5      | Reached skill level 4 in Invocations
  5651 | D:6      | Reached XP level 9. HP: 16/57 MP: 8/12
  6148 | D:6      | Reached skill level 5 in Invocations
  6416 | D:6      | Found Oggor's Elemental Accessories.
  6778 | D:7      | Noticed Duvessa
  6780 | D:7      | Noticed Dowan
  6787 | D:7      | Killed Duvessa
  6790 | D:7      | Killed Dowan
  6965 | D:7      | Reached **** piety under Cheibriados
  7441 | D:7      | Reached skill level 6 in Invocations
  7553 | D:7      | Reached skill level 1 in Evocations
  7638 | D:7      | Reached XP level 10. HP: 26/65 MP: 13/15
  7648 | D:7      | Reached skill level 7 in Invocations
  7815 | D:7      | Reached ***** piety under Cheibriados
  8179 | D:8      | Found a staircase to the Lair.
  8251 | D:8      | Noticed a two-headed ogre
  8269 | D:8      | HP: 1/65 [two-headed ogre/+0 giant club (13)]
  8270 | D:8      | Killed a two-headed ogre
  8271 | D:8      | Reached skill level 8 in Invocations
  8514 | D:8      | Noticed Gastronok
  8526 | D:8      | Killed Gastronok
  8527 | D:8      | Reached skill level 5 in Armour
  9200 | D:9      | Reached XP level 11. HP: 71/71 MP: 17/17
  9206 | D:9      | Reached skill level 9 in Invocations
  9221 | D:9      | Noticed Harold
  9229 | D:9      | Noticed an ogre mage
  9236 | D:9      | Identified the +1 robe "Milosh" {Rampage *Slow MP+9 Slay+3}
  9242 | D:9      | Killed Harold
  9243 | D:9      | Killed an ogre mage
  9395 | D:9      | Identified the +0 halberd "Gaedaineot" {vorpal, rF+ Str+3}
  9412 | D:9      | Reached skill level 10 in Fighting
  9416 | D:9      | Noticed a centaur warrior
  9432 | D:9      | Killed a centaur warrior
 10100 | D:10     | Entered Level 10 of the Dungeon
 10213 | D:10     | Found a blossoming altar of Fedhas.
 10400 | D:10     | Reached skill level 10 in Invocations
 10447 | D:10     | Found a basalt altar of Yredelemnul.
 11256 | D:11     | Noticed Erica
 11257 | D:11     | Erica changed into Erica the jumping spider
 11257 | D:11     | Noticed Erica
 11268 | D:11     | Killed Erica the jumping spider
 11390 | D:11     | Noticed Psyche
 11405 | D:11     | Killed Psyche
 11457 | D:11     | Noticed a cyclops
 11467 | D:11     | Killed a cyclops
 11468 | D:11     | Reached XP level 12. HP: 79/79 MP: 15/19
 11787 | D:11     | Found a staircase to the Orcish Mines.
 11787 | D:11     | Noticed Sonja
 11788 | D:11     | Killed Sonja
 11887 | D:11     | Noticed a two-headed ogre
 11898 | D:11     | Killed a two-headed ogre
 12136 | D:11     | Reached skill level 10 in Maces & Flails
 12276 | D:12     | Reached skill level 11 in Invocations
 12528 | D:12     | Noticed a deep elf annihilator
 12536 | D:12     | Killed a deep elf annihilator
 12631 | D:12     | Noticed a two-headed ogre
 12631 | D:12     | Noticed Fannar
 12633 | D:12     | Noticed a centaur warrior
 12682 | Lair:1   | Entered Level 1 of the Lair of Beasts
 13476 | Lair:2   | Reached XP level 13. HP: 56/86 MP: 17/21
 13751 | Lair:2   | Reached skill level 12 in Invocations
 13755 | Lair:2   | Reached ****** piety under Cheibriados
 13760 | Lair:2   | Reached skill level 5 in Evocations
 13882 | Lair:2   | Found a hole to the Spider Nest.
 14886 | Lair:3   | Found a staircase to the Swamp.
 15262 | Lair:3   | Reached skill level 13 in Invocations
 15597 | Lair:3   | Gained mutation: Your large and strong wings let you fly.
                  | [Gargoyle growth]
 15597 | Lair:3   | Reached XP level 14. HP: 93/94 MP: 23/23
 16301 | Lair:4   | Found a frozen archway.
 17177 | Lair:5   | Entered Level 5 of the Lair of Beasts
 18321 | Lair:5   | Reached skill level 14 in Invocations
 18798 | Lair:5   | Found a viscous altar of Jiyva.
 18798 | Lair:5   | Found a staircase to the Slime Pits.
 19205 | D:12     | Found a runed translucent door.
 19208 | D:12     | Noticed Bijuu's ghost (journeyman HOFi)
 19277 | D:12     | Reached XP level 15. HP: 88/101 MP: 25/25
 19400 | D:12     | Killed Fannar
 19662 | D:13     | Identified the +8 quarterstaff "Vaperu" {holy, rElec}
 20126 | D:13     | Found Geries's Assorted Antiques.
 20145 | D:13     | Noticed Nessos
 20171 | D:13     | Killed Nessos
 20870 | D:14     | Found a gate to the Vaults.
 20990 | D:14     | Reached skill level 15 in Fighting
 21611 | Abyss:2  | Cast into level 2 of the Abyss (a wizard)
 21612 | Abyss:2  | Found a corrupted altar of Lugonu.
 21628 | D:14     | Escaped the Abyss
 21648 | D:15     | Entered Level 15 of the Dungeon
 21684 | D:15     | Reached skill level 15 in Invocations
 21799 | D:15     | Found a staircase to the Depths.
 22040 | Orc:1    | Entered Level 1 of the Orcish Mines
 22210 | Orc:1    | Paralysed by an orc sorcerer for 5 turns
 22673 | Orc:2    | Entered Level 2 of the Orcish Mines
 22806 | Orc:2    | Noticed an orc warlord
 22825 | Orc:2    | Killed an orc warlord
 23036 | Orc:2    | Noticed Blork the orc
 23046 | Orc:2    | Noticed Saint Roka
 23108 | Orc:2    | Found a staircase to the Elven Halls.
 23121 | Elf:1    | Entered Level 1 of the Elven Halls
 23159 | Elf:1    | Reached XP level 16. HP: 108/108 MP: 27/27
 23185 | Elf:1    | Reached skill level 10 in Evocations
 23244 | Orc:2    | Noticed Urug
 23470 | D:1      | Bought the +4 skin of Zhor {*Englaciate rC+++ SInv} for
                  | 1529 gold pieces
 23470 | D:1      | Found the +4 skin of Zhor {*Englaciate rC+++ SInv}
 23706 | Orc:2    | Noticed Nergalle
 23724 | Orc:2    | Killed Nergalle
 23740 | Orc:2    | Killed Blork the orc
 23749 | Orc:2    | Killed Urug
 23788 | Orc:2    | Learned a level 2 spell: Poisonous Vapours
 23841 | Orc:2    | Killed Saint Roka
 23860 | Orc:2    | Found Fimy's General Store.
 23875 | Orc:2    | Found Tas Juiwn's Antique Armour Boutique.
 23883 | Orc:2    | Bought a brightly glowing cloak for 256 gold pieces
 23883 | Orc:2    | Identified the +0 cloak "Melisuh" {-Cast rCorr Str+3 Dex+3}
                  | (You bought it in a shop on level 2 of the Orcish Mines)
 23942 | Orc:2    | Found Hithig's Jewellery Boutique.
 23956 | Orc:2    | Found Guratsaiff's Antique Weapon Boutique.
 24268 | Swamp:1  | Entered Level 1 of the Swamp
 24275 | Swamp:1  | Reached skill level 1 in Poison Magic
 24323 | Swamp:1  | Reached skill level 1 in Air Magic
 25019 | Swamp:2  | You are sucked into a shaft and drop 1 floor!
 25257 | Swamp:3  | Reached skill level 16 in Invocations
 25688 | Swamp:2  | Noticed a tentacled monstrosity
 25697 | Swamp:2  | Killed a tentacled monstrosity
 26110 | Swamp:4  | Entered Level 4 of the Swamp
 26175 | Swamp:4  | Identified the +2 pair of gloves of Itzajuusa {*Corrode
                  | rN++}
 26175 | Swamp:4  | Noticed Nikola
 26204 | Swamp:4  | Killed Nikola
 26210 | Swamp:4  | Reached XP level 17. HP: 44/116 MP: 23/29
 26801 | Swamp:4  | Identified the +10 dagger of Infinity {freeze, rC+ Will-
                  | Int+4}
 27090 | Swamp:4  | Got a decaying rune of Zot
 27286 | Spider:1 | Entered Level 1 of the Spider Nest
 27417 | Spider:1 | Noticed Rupert
 27440 | Spider:1 | Killed Rupert
 28309 | Spider:2 | Upgraded the game from 0.30-a0-339-g89bb51ec76 to
                  | 0.30-a0-341-g682706514a
 28707 | Spider:2 | Reached skill level 17 in Invocations
 29496 | Spider:3 | Reached XP level 18. HP: 124/124 MP: 30/30
 29745 | Spider:4 | Entered Level 4 of the Spider Nest
 30290 | Spider:4 | Noticed Arachne
 30317 | Spider:4 | Reached skill level 10 in Shields
 30670 | Spider:4 | Killed Arachne
 31047 | Spider:4 | Got a gossamer rune of Zot
 31407 | Vaults:1 | Entered Level 1 of the Vaults
 31420 | Vaults:1 | Found Sukegink's Weapon Shop.
 31954 | Vaults:1 | Found Fygrao's Distillery.
 32239 | Vaults:1 | Reached skill level 18 in Invocations
 32299 | Vaults:1 | Found Ossitet's Magic Scroll Shop.
 32330 | Vaults:1 | Bought a scroll of enchant weapon for 105 gold pieces
 32686 | Vaults:1 | Found Numeux's Jewellery Shoppe.
 32752 | Vaults:1 | Noticed an ancient lich
 32767 | Vaults:1 | Killed an ancient lich
 32768 | Vaults:1 | Reached XP level 19. HP: 87/131 MP: 27/32
 32929 | Depths:1 | Entered Level 1 of the Depths
 33216 | Depths:1 | Noticed a tentacled monstrosity
 33232 | Depths:1 | Killed a tentacled monstrosity
 33307 | Depths:1 | Noticed a tentacled monstrosity
 33327 | Depths:1 | Killed a tentacled monstrosity
 33833 | Depths:1 | Noticed Louise
 33874 | Depths:1 | Killed Louise
 33875 | Depths:1 | Found a one-way gate to the infinite horrors of the Abyss.
 33917 | Depths:1 | Found a gateway to Hell.
 34051 | Depths:1 | Noticed a caustic shrike
 34062 | Depths:1 | Killed a caustic shrike
 34345 | Depths:1 | Found a one-way gate leading to the halls of Pandemonium.
 34346 | Depths:1 | Noticed a juggernaut
 34378 | Depths:1 | Killed a juggernaut
 34566 | D:15     | Reached skill level 19 in Invocations
 34721 | Depths:1 | Reached XP level 20. HP: 126/139 MP: 33/33
 34942 | Depths:1 | Identified the +1 leather armour of Daisies {rN+ rCorr
                  | Int+3}
 34954 | Depths:1 | Noticed a caustic shrike
 34977 | Depths:1 | Killed a caustic shrike
 35165 | Depths:1 | Noticed a caustic shrike
 35188 | Depths:1 | Killed a caustic shrike
 35371 | Depths:1 | Identified the ring "Ycriel" {rC+ rCorr Int+2 SInv}
 35752 | Depths:1 | Identified the +1 longbow "Geciygh" {drain, rC+ Will-
                  | Dex+5}
 36072 | Vaults:2 | Noticed Bai Suzhen
 36072 | Vaults:2 | Noticed Xtahua
 36209 | Vaults:1 | Killed Bai Suzhen
 36759 | Vaults:2 | Paralysed by Xtahua for 2 turns
 36766 | Vaults:2 | Killed Xtahua
 36978 | Vaults:2 | Reached skill level 20 in Invocations
 37149 | Vaults:2 | Found a staircase to the Crypt.
 37183 | Vaults:2 | Reached skill level 15 in Evocations
 37220 | Vaults:2 | Noticed Boris
 37245 | Vaults:2 | Killed Boris
 37246 | Vaults:2 | Reached XP level 21. HP: 68/146 MP: 35/35
 37249 | Vaults:2 | Learned a level 2 spell: Wereblood
 37466 | Vaults:2 | Reached skill level 1 in Transmutations
 37987 | Vaults:3 | Found Xaguv's Jewellery Emporium.
 38125 | Vaults:3 | Bought the amulet of Vitality {RegenMP++ Regen++} for 2100
                  | gold pieces
 38125 | Vaults:3 | Found the amulet of Vitality {RegenMP++ Regen++}
 38714 | Vaults:3 | Noticed Margery
 39389 | Vaults:3 | Killed Margery
 39973 | Vaults:4 | Noticed Frederick
 39992 | Vaults:4 | Killed Frederick
 40101 | Vaults:4 | Reached skill level 5 in Dodging
 40233 | Vaults:4 | Reached skill level 15 in Maces & Flails
 40911 | Crypt:1  | Entered Level 1 of the Crypt
 41334 | Crypt:1  | Paralysed by a vampire knight for 5 turns
 41520 | Crypt:1  | Reached XP level 22. HP: 153/153 MP: 36/36
 42306 | Elf:1    | Paralysed by an air elemental for 1 turns
 42317 | Elf:1    | Paralysed by an air elemental for 1 turns
 42633 | Elf:1    | Identified the +5 chain mail "Vyor" {Str+3 Int+3 Dex-4}
 42851 | Elf:1    | Found a runed translucent door.
 43217 | Elf:2    | Noticed Roxanne
 43241 | Elf:2    | Killed Roxanne
 43276 | Elf:2    | Found Sagick's Antique Armour Emporium.
 43288 | Elf:2    | Reached skill level 21 in Invocations
 43311 | Elf:2    | Paralysed by an air elemental for 1 turns
 43319 | Elf:2    | Reached skill level 10 in Armour
 43340 | Elf:2    | Bought a glowing kite shield for 307 gold pieces
 43391 | Elf:2    | Found Sunkin's Distillery.
 43396 | Elf:2    | Found Ado Cuc's Magic Scroll Emporium.
 43420 | Elf:2    | Noticed Zenata
 43600 | Elf:2    | Found a huge runed translucent gate.
 43601 | Elf:2    | Found a huge runed translucent gate.
 43603 | Elf:2    | Found a huge runed translucent gate.
 43604 | Elf:2    | Found a huge runed translucent gate.
 43605 | Elf:2    | Found a huge runed translucent gate.
 43901 | Elf:2    | Bought a potion of heal wounds for 60 gold pieces
 43901 | Elf:2    | Bought a potion of curing for 36 gold pieces
 43912 | Elf:2    | Bought a scroll of enchant armour for 105 gold pieces
 43912 | Elf:2    | Bought a scroll of enchant armour for 105 gold pieces
 43912 | Elf:2    | Bought a scroll of teleportation for 42 gold pieces
 44156 | Elf:2    | Killed Zenata
 44354 | Elf:2    | Found a portal to a secret trove of treasure.
 44379 | Elf:2    | You paid a toll of 6 scrolls of fog to enter a treasure
                  | trove
 44380 | Trove    | Entered a treasure trove
 44389 | Trove    | Identified the amulet of Cheibriados, Changing {Reflect
                  | rElec Dex+4 SH+5}
 44394 | Trove    | Identified the +0 pair of gloves of Noiros {Int+4 Dex+7}
 44401 | Trove    | Identified the +3 leather armour "Nogiheah" {rF+}
 44404 | Trove    | Identified the +6 great sword of the Tiger {freeze, rC+
                  | Dex+5}
 44584 | Orc:2    | Bought the ring "Tat Jel" {EV+4 Dex+6} for 945 gold pieces
 44721 | Elf:3    | Entered Level 3 of the Elven Halls
 44936 | Elf:3    | Reached skill level 5 in Poison Magic
 45397 | Elf:3    | Identified the +1 robe of Parts Unknown {Rampage SInv}
 45482 | Elf:3    | Reached XP level 23. HP: 158/158 MP: 37/37
 45482 | Elf:3    | Identified the +9 scimitar of Sandy Defiance {holy, *Slow
                  | Int+7}
 45482 | Elf:3    | Identified the ring of Jeudus {rElec rF- Slay+4 SInv
                  | Stlth+}
 45528 | Elf:3    | Identified the +4 rapier "Soin" {drain, Int+2}
 45671 | Elf:3    | Learned a level 4 spell: Olgreb's Toxic Radiance
 45675 | Elf:3    | Got Dispater's Vellum of Metallic Hurting
 45678 | Elf:3    | Identified the amulet of Geoseot {Acrobat rCorr MP+9
                  | Stlth+}
 45680 | Elf:3    | Identified the +0 pair of boots "Harath" {Drain rN+ Dex+2}
 45699 | Elf:3    | Got the Octavo of Concussion
 45735 | Elf:3    | Identified the ring of Wacse {Wiz Drain rF+ Int+2 Dex+9}
 45872 | Elf:3    | Found Zeri Jau's Specific Store.
 45874 | Elf:3    | Found Cusear's General Store.
 45882 | Elf:3    | Bought a scroll of enchant weapon for 112 gold pieces
 46381 | Vaults:5 | Entered Level 5 of the Vaults
 46414 | Vaults:4 | Reached skill level 1 in Spellcasting
 46655 | Vaults:5 | Noticed an ancient lich
 46656 | Vaults:5 | Noticed a dread lich
 46688 | Vaults:5 | Paralysed by a sphinx for 4 turns
 46753 | Vaults:5 | Noticed a golden dragon
 47014 | Vaults:5 | Noticed a dread lich
 47026 | Vaults:5 | Killed a dread lich
 47037 | Vaults:5 | Reached skill level 22 in Invocations
 47243 | Vaults:5 | Identified the +7 morningstar of the Trees {elec, rF++}
 47254 | Vaults:4 | Killed an ancient lich
 47336 | Vaults:4 | Killed a golden dragon
 47337 | Vaults:4 | Reached skill level 5 in Spellcasting
 47493 | Vaults:4 | Reached XP level 24. HP: 166/166 MP: 38/38
 47718 | Vaults:5 | Got a silver rune of Zot
 47734 | Vaults:5 | Killed a dread lich
 48322 | Vaults:5 | Got the Quarto of Captivating Transposition
 49222 | Depths:2 | Found a stormy altar of Qazlal.
 49386 | Depths:2 | Learned a level 1 spell: Apportation
 49523 | Depths:2 | Paralysed by a floating eye for 2 turns
 49532 | Depths:2 | Paralysed by a floating eye for 2 turns
 50046 | Depths:3 | Reached skill level 1 in Translocations
 51091 | Depths:4 | Entered Level 4 of the Depths
 51143 | Depths:4 | Paralysed by a sphinx for 4 turns
 51295 | Depths:4 | Found a one-way gateway to a ziggurat.
 51361 | Depths:4 | Noticed a caustic shrike
 51390 | Depths:4 | Killed a caustic shrike
 51449 | Depths:4 | Paralysed by a vampire knight for 5 turns
 51487 | Depths:4 | Reached XP level 25. HP: 173/173 MP: 38/38
 51492 | Depths:4 | Paralysed by a vampire knight for 5 turns
 51832 | Depths:4 | Found a gate to the Realm of Zot.
 52397 | Hell     | Entered the Vestibule of Hell
 52397 | Hell     | Noticed Geryon
 52444 | Depths:4 | Reached skill level 10 in Dodging
 53065 | Abyss:2  | Cast into level 2 of the Abyss (hell knight)
 53110 | Abyss:2  | Learned a level 2 spell: Blink
 53887 | Abyss:3  | Reached skill level 15 in Shields
 54017 | Abyss:3  | Got an abyssal rune of Zot
 54020 | Hell     | Escaped the Abyss
 54184 | Hell     | Killed Geryon
 54252 | Hell     | Found a gateway to the ashen valley of Gehenna.
 54319 | Hell     | Found a gateway to the decaying netherworld of Tartarus.
 54371 | Hell     | Found a gateway to the freezing wastes of Cocytus.
 54584 | Hell     | Found a gateway to the Iron City of Dis.
 54692 | Tar:1    | Entered Level 1 of Tartarus
 54700 | Tar:1    | Reached skill level 23 in Invocations
 54748 | Coc:1    | Entered Level 1 of Cocytus
 55376 | Slime:1  | Entered Level 1 of the Pits of Slime
 55376 | Slime:1  | You are sucked into a shaft and drop 1 floor!
 55565 | Slime:1  | Gained mutation: You sometimes lose your temper in combat.
                  | [a shining eye]
 55569 | Slime:1  | Gained mutation: You are weak. (Str -2) [a shining eye]
 55751 | Slime:1  | Reached XP level 26. HP: 152/155 MP: 38/38
 56632 | Slime:3  | Gained mutation: You occasionally shout uncontrollably at
                  | your foes. [a shining eye]
 56634 | Slime:3  | Gained mutation: You are very weak. (Str -4) [a shining
                  | eye]
 56636 | Slime:3  | Gained mutation: Your spells are a little easier to cast,
                  | but a little less powerful. [a shining eye]
 56805 | Slime:4  | Noticed Dissolution
 56822 | Slime:3  | Killed Dissolution
 56906 | Slime:2  | Gained mutation: You are frail. (-10% HP) [a shining eye]
 57555 | Slime:5  | Entered Level 5 of the Pits of Slime
 58015 | Slime:5  | Gained mutation: Your spells are easier to cast, but less
                  | powerful. [a shining eye]
 58021 | Slime:5  | Gained mutation: You occasionally lose the ability to drink
                  | potions when taking damage. [a shining eye]
 58190 | Slime:5  | Noticed the Royal Jelly
 58192 | Slime:5  | Reached skill level 24 in Invocations
 58200 | Slime:5  | Killed the Royal Jelly
 58439 | Slime:5  | Learned a level 6 spell: Starburst
 58546 | Slime:5  | Identified the +6 bardiche of Cheibriados, Jumping {vorpal,
                  | Contam *Slow Str+7 Stlth+}
 58562 | Slime:5  | Identified the ring of Lomit {Ice Str+7 Dex+3}
 58572 | Slime:5  | Identified the +7 great sword "Emo Viri" {flame, rElec
                  | rPois rF+ Dex+2}
 58582 | Slime:5  | Identified the ring "Jodupp" {Ice Str+4 Slay-3}
 58594 | Slime:5  | Got the Folio of Icy Maleficent Deeds
 58609 | Slime:5  | Identified the ring "Nenkyn" {rF+ Int+6 Slay+2 Stlth-}
 58619 | Slime:5  | Got a slimy rune of Zot
 58620 | Slime:5  | Identified the +6 falchion "Gargoyle's Peril" {vorpal, rC+
                  | Dex+4}
 59593 | Crypt:2  | Noticed Boris
 59653 | Crypt:1  | Lost mutation: You occasionally lose the ability to drink
                  | potions when taking damage. [potion of mutation]
 59653 | Crypt:1  | Lost mutation: You occasionally shout uncontrollably at
                  | your foes. [potion of mutation]
 59653 | Crypt:1  | Gained mutation: You have hidden genetic defects. [potion
                  | of mutation]
 59653 | Crypt:1  | Lost mutation: You have hidden genetic defects. [potion of
                  | mutation]
 59654 | Crypt:1  | Lost mutation: You are very weak. (Str -4) [potion of
                  | mutation]
 59654 | Crypt:1  | Lost mutation: You are frail. (-10% HP) [potion of
                  | mutation]
 59654 | Crypt:1  | Lost mutation: You are weak. (Str -2) [potion of mutation]
 59654 | Crypt:1  | Gained mutation: You are strong-willed. (Will+) [potion of
                  | mutation]
 59654 | Crypt:1  | Gained mutation: You are weak. (Str -2) [potion of
                  | mutation]
 59654 | Crypt:1  | Gained mutation: Your flesh is cold resistant. (rC+)
                  | [potion of mutation]
 59655 | Crypt:1  | Lost mutation: You sometimes lose your temper in combat.
                  | [potion of mutation]
 59655 | Crypt:1  | Lost mutation: You are strong-willed. (Will+) [potion of
                  | mutation]
 59655 | Crypt:1  | Gained mutation: You expend magic power (3 MP) to
                  | strengthen your wands. [potion of mutation]
 59655 | Crypt:1  | Lost mutation: You are weak. (Str -2) [potion of mutation]
 59656 | Crypt:1  | Lost mutation: Your flesh is cold resistant. (rC+) [potion
                  | of mutation]
 59656 | Crypt:1  | Lost mutation: Your spells are easier to cast, but less
                  | powerful. [potion of mutation]
 59656 | Crypt:1  | Gained mutation: You have large cloven feet. [potion of
                  | mutation]
 59656 | Crypt:1  | Gained mutation: Your muscles are strong. (Str +4, Int/Dex
                  | -1) [potion of mutation]
 59668 | Crypt:1  | Killed Boris
 59669 | Crypt:1  | Reached skill level 1 in Conjurations
 59669 | Crypt:1  | Reached skill level 1 in Fire Magic
 59953 | Crypt:2  | Identified the +6 bardiche of Ibrais {drain, rF+ rN+ Str-5}
 60141 | Crypt:2  | Found a large runed translucent door.
 60141 | Crypt:2  | Found a large runed translucent door.
 60142 | Crypt:2  | Noticed Yzeiphu's ghost (adept OpEE)
 60186 | Crypt:2  | Killed Yzeiphu's ghost
 60216 | Crypt:3  | Entered Level 3 of the Crypt
 60327 | Crypt:3  | Found a staircase to the Tomb.
 60548 | Crypt:3  | Reached skill level 5 in Conjurations
 60567 | Crypt:3  | Reached skill level 5 in Fire Magic
 60807 | Crypt:3  | Found an ancient bone altar of Kikubaaqudgha.
 60886 | Crypt:3  | Paralysed by a vampire knight for 5 turns
 61182 | Crypt:3  | Identified the ring of Virtue {rPois rF+ rN+ Str+3 Int+4}
 61219 | Crypt:3  | Reached XP level 27. HP: 188/188 MP: 39/39
 61354 | Crypt:3  | Identified the amulet of Puejuneo {rF++ Will+ Regen+}
 61367 | Crypt:3  | Identified the ring of Ulussikiock {rN+ Dex+4}
 61371 | Crypt:3  | Paralysed by a vampire knight for 3 turns
 61413 | Crypt:3  | Got the Catalogue of Evil Magic
 61936 | Coc:1    | Paralysed by a wendigo for 1 turns
 61939 | Coc:1    | Paralysed by a wendigo for 1 turns
 62223 | Coc:2    | Reached skill level 25 in Invocations
 62609 | Coc:3    | You are sucked into a shaft and drop 1 floor!
 62875 | Coc:5    | Paralysed by a wendigo for 1 turns
 63027 | Coc:5    | Reached skill level 10 in Fire Magic
 63288 | Coc:6    | Reached skill level 10 in Conjurations
 63546 | Coc:7    | Entered Level 7 of Cocytus
 63571 | Coc:7    | Learned a level 3 spell: Lesser Beckoning
 63699 | Coc:7    | Noticed the Serpent of Hell
 63702 | Coc:7    | Paralysed by a wendigo for 1 turns
 63713 | Coc:7    | Killed from afar by a wendigo

Illustrated notes

Levels and vault maps discovered:
D:1:      giann_bridges, layout_loops_corners, serial_shops, shop,
          minmay_pentomino_r4
D:2:      layout_loops_ring
D:3:      layout_rooms, serial_shops, shop, kennysheep_doodads, uniq_jessica,
          uniq_sigmund
D:4:      lemuel_castle_with_subvaults [lemuel_castle_interior_carwin_3],
          layout_basic, minmay_temple_entry_junction_2,
          nicolae_kite_square_tiling_tiny, wad_floor_pattern_untrapped,
          uniq_ijyb
D:5:      layout_loops_cross, uniq_eustachio
D:6:      layout_basic, nicolae_elemental_shop,
          nicolae_concentric_dashed_squares_mild
D:7:      cheibrodos_fertilizer, layout_cave_pods, uniq_duvessa
D:8:      layout_loops_ring, lair_entry_dummy, fountainhead, uniq_gastronok
D:9:      minmay_the_grid_four_pointed_star [minmay_the_grid_triangle_9x9_alien,
          minmay_the_grid_triangle_9x9_wacky_v,
          minmay_the_grid_triangle_9x9_zippers_vertical,
          minmay_the_grid_triangle_9x9_warning,
          minmay_the_grid_prize_diamond_cup], layout_irregular_city, uniq_harold
D:10:     layout_stronghold, fedhas_bush_and_centaur_altar,
          lemuel_zombie_altar_yredelemnul
D:11:     layout_roguey, david_orc_2, special_room [special_room_orc],
          uniq_erica, uniq_sonja, uniq_psyche
D:12:     cheibrodos_wizards_tower, layout_cave_pools, hellmonk_ghost_big_iron,
          hangedman_ranch, uniq_fannar
D:13:     layout_basic, serial_shops, nicolae_shop_crystal, uniq_nessos
D:14:     layout_irregular_city, david_vaults_1, grunt_ministairs_7
D:15:     hangedman_depths_entry_civil_slaughter, layout_basic,
          minmay_misc_feat_square
Temple:   mainiacjoe_temple_cubbyholes
Lair:1:   layout_layer_cave
Lair:2:   layout_concentric_octagons, nicolae_spider_entry_non_spiders
Lair:3:   lemuel_reptile_caves, layout_gridlike, palyth_hydra_swamp_entry,
          nicolae_lair_lindhole, infiniplex_staircase_pool_2
Lair:4:   layout_loops_ring, portal_ice_cave_entry_ice_simulacra,
          lemuel_fruit_fields, grunt_megastairs_1
Lair:5:   hangedman_lair_tendril_chambers, layout_gridlike,
          dpeg_slime_entry_enclosed
Swamp:1:  layout_basic_swamp, evilmike_swamp_ruin_house_4, swamp_pool1
Swamp:2:  layout_falls_marsh, nicolae_swamp_tree_designs, swamp_pool1,
          kb_tengu_band
Swamp:3:  layout_falls_marsh, evilmike_swamp_ruin_house_2
Swamp:4:  swamp_icy, layout_basic_swamp, swamp_pool1, uniq_nikola
Spider:1: layout_spider_delve, nicolae_crawler_farm, uniq_rupert
Spider:2: layout_spider_delve
Spider:3: layout_spider_delve, hangedman_spider_tarantella_strand
Spider:4: grunt_spider_rune_parallel, uniq_arachne
Slime:1:  layout_caves
Slime:2:  layout_caves
Slime:3:  layout_caves
Slime:4:  layout_caves, uniq_dissolution
Slime:5
Orc:1:    layout_caves
Orc:2:    grunt_orc_cross, layout_caves
Elf:1:    minmay_elf_arrival_summoners, layout_onion_city, minivault_28,
          minivault_13, lemuel_upstairs_altar
Elf:2:    elven_hall_of_blades_hangedman_alternative
          [nooodl_blade_entry_preview], layout_rooms, serial_shops,
          nicolae_square_shop, nicolae_trove_entry_crystal, onia_ninara_cookie,
          minmay_shop_star, uniq_zenata, uniq_roxanne
Elf:3:    minmay_elf_hall_x, layout_gridlike, nicolae_specific_store,
          grunt_megastairs_3
Vaults:1: v_misc_23, v_misc_22, v_alt_pattern_5, nicolae_vaults_rhombus_5,
          nicolae_vaults_c_with_doors, v_misc_3,
          nicolae_vaults_disjoint_gnomons, vaults_mumra_minichess_inversion,
          v_alt_pattern_3, nicolae_vaults_twisting_passages,
          ontoclasm_vaults_gateway, v_alt_pattern_6, layout_vaults_omnibox,
          serial_shops, nicolae_shop_statue_plus, nicolae_shop_stone,
          nicolae_shop_behind_doors, nicolae_shop_hallway_plus
Vaults:2: lightli_enter_wizlab_magi_temple, ontoclasm_vaults_ring_square,
          nicolae_vaults_alarming, vaults_dpeg_emergency_exit,
          minmay_crypt_entry_nasty_monster, ontoclasm_vaults_twist,
          v_alt_pattern_6, v_rooms_6, vaults_room_guarded_vault,
          nicolae_vaults_little_squares_6, vaults_dpeg_diagonal,
          ontoclasm_vaults_ring_large, v_pattern_2, hangedman_vaults_corner,
          layout_vaults_maze_bifur, uniq_bai_suzhen, uniq_xtahua, uniq_boris
Vaults:3: v_misc_28, vaults_mumra_chevron_long, v_misc_25, v_misc_11,
          ontoclasm_vaults_decontamination, nicolae_vaults_little_squares_6,
          nicolae_vaults_rhombus_5, hangedman_vaults_snaps,
          layout_vaults_omnigrid, serial_shops, nicolae_shop_waterfront,
          uniq_margery
Vaults:4: nicolae_vaults_angled_halls, nicolae_vaults_little_squares_6,
          v_misc_31, vaults_room_fancy_cross, v_misc_8,
          nicolae_vaults_shelves_hall, nicolae_vaults_inception_statues,
          ontoclasm_vaults_misaligned, nicolae_vaults_puzzle_piece,
          hangedman_vaults_restitches, nicolae_vaults_statue_guard,
          layout_vaults_omnicross, uniq_frederick
Vaults:5
Crypt:1:  layout_gridlike, grunt_crypt_arrival_webbed
Crypt:2:  layout_rooms, ebering_ghost_disaster_area
Crypt:3:  church_of_pain_bobbens, layout_chaotic_city
Depths:1: minmay_octagon_city, layout_gridlike, rand_demon_pan_entry_8,
          grunt_mini_vestibule, nicolae_abyss_entry_one_way_or_another,
          kennysheep_generic_room_16
Depths:2: kennysheep_cluttered_fort, layout_cave_shapes, abyss_entry_crystal,
          grunt_qazlal_clouds, hell_entry, rand_demon_pan_entry_1,
          serial_bayou_lagoon_a
Depths:3: kennysheep_ambush_hall, layout_gridlike, pan_entry, hell_entry,
          hangedman_abyss_entry_splay
Depths:4: evilmike_zot_entry_round, layout_cave_shapes, enter_ziggurat_a,
          chequers_serial_rivers_micro_d, abyss_entry, pf_hell_entry_tar_spiral,
          minmay_fractal_squares_gapless_7
Hell
Coc:1:    layout_cocytus_water_paths
Coc:2:    layout_ice_bergs
Coc:3:    layout_cocytus_water_paths
Coc:4:    layout_cocytus_water_paths
Coc:5:    nicolae_coc_caina, layout_ice_bergs
Coc:6:    layout_ice_bergs
Coc:7:    coc_dpeg
Tar:1:    layout_grid_maze, nicolae_tar_cuneiform_city

Skill      XL: |  1  2  3  4  5  6  7  8  9 10 11 12 13 14 15 16 17 18 19 20 21 22 23 24 25 26 27 |
---------------+----------------------------------------------------------------------------------+-----
Fighting       | 4 5 6 7 8 9 10 12 13 14 15 16 17 18 19 20 21 22 23 | 23.5
Maces & Flails | 3 4 5 6 7 8 9 10 12 13 14 16 17 18 | 18.2
Armour         | 4 5 7 9 11 | 11.2
Invocations    | 1 2 4 6 8 10 11 13 14 15 16 17 18 19 20 21 22 23 24 25 | 25.9
Shields        | 4 5 6 7 9 11 13 14 17 | 17.0
Dodging        | 1 3 4 5 7 8 11 | 11.8
Evocations     | 2 4 6 8 9 10 11 13 14 15 | 15.5
Poison Magic   | 3 4 7 9 |  9.7
Air Magic      | 3 4 |  4.5
Transmutations | 3 |  3.8
Spellcasting   | 5 6 |  6.5
Translocations | 3 |  3.7
Conjurations   | 5 10 | 10.6
Fire Magic     | 6 11 | 11.0

Action                   |  1- 3 |  4- 6 |  7- 9 | 10-12 | 13-15 | 16-18 | 19-21 | 22-24 | 25-27 || total
-------------------------+-------+-------+-------+-------+-------+-------+-------+-------+-------++-------
Melee: Flail             |   114 |   120 |   469 |   525 |  1586 |  2023 |  2073 |  2301 |   980 || 10191
       Eveningstar       |       |       |       |       |       |       |   149 |    42 |  1271 ||  1462
Throw: Throwing net      |       |       |       |     1 |       |       |       |     1 |       ||     2
 Cast: Poisonous Vapours |       |       |       |       |       |    20 |     1 |     2 |       ||    23
       Wereblood         |       |       |       |       |       |       |     4 |     8 |     4 ||    16
       Olgreb's Toxic Ra |       |       |       |       |       |       |       |       |     2 ||     2
       Blink             |       |       |       |       |       |       |       |       |     2 ||     2
       Apportation       |       |       |       |       |       |       |       |       |     1 ||     1
       Starburst         |       |       |       |       |       |       |       |       |    20 ||    20
Invok: Bend Time         |       |       |     4 |     1 |     3 |       |     3 |       |       ||    11
       Slouch            |       |       |       |     4 |     8 |    11 |     5 |     7 |    16 ||    51
       Step From Time    |       |       |       |       |     1 |       |     4 |     1 |     2 ||     8
Evoke: Wand              |       |       |     6 |    17 |     6 |    17 |     8 |    16 |    10 ||    80
       Condenser vane    |       |       |       |       |       |     1 |     2 |     2 |     4 ||     9
       Phantom mirror    |       |       |       |       |       |       |       |       |     1 ||     1
  Use: Scroll            |     5 |     9 |     7 |    11 |    11 |     6 |    18 |    23 |    10 ||   100
       Potion            |       |     1 |     5 |     3 |     6 |     4 |     7 |     6 |    10 ||    42
 Stab: Betrayed ally     |       |       |       |       |     2 |       |       |       |       ||     2
       Invisible         |       |       |       |       |       |     4 |       |       |       ||     4
       Sleeping          |       |       |       |       |       |     3 |     6 |     4 |       ||    13
       Distracted        |       |       |       |       |       |     1 |     1 |     3 |     2 ||     7
Armor: Plate armour      |    81 |   106 |   427 |   269 |   804 |    21 |       |       |       ||  1708
       Scale mail        |     6 |       |       |       |       |       |       |       |       ||     6
       Skin              |       |       |     2 |    10 |       |       |       |       |       ||    12
       Animal skin       |       |       |       |       |       |   869 |   664 |   728 |   423 ||  2684
       Fire dragon scale |       |       |       |       |       |       |       |       |   163 ||   163
Dodge: Dodged            |    25 |    38 |   184 |   189 |  1005 |  1217 |   974 |  1397 |  1836 ||  6865
       Repelled          |       |       |       |     4 |     8 |    23 |    22 |    39 |    42 ||   138
Block: Buckler           |    24 |    13 |       |       |       |       |       |       |       ||    37
       Kite shield       |       |    23 |   345 |   368 |  1224 |  1378 |  1356 |  2330 |  2659 ||  9683
       Reflection        |       |       |       |       |       |       |       |    93 |    52 ||   145

Table legend: (Time is in decaauts)
 A = Elapsed time spent in this place.
 B = Non-inter-level travel time spent in this place.
 C = Inter-level travel time spent in this place.
 D = Time resting spent in this place.
 E = Time spent auto-exploring this place.
 F = Levels seen in this place.
 G = Mean time per level.
                   A        B        C        D        E       F      G
               +--------+--------+--------+--------+--------+-----+--------+
         Total |  95388 |  84703 |  10685 |   9088 |  53451 |  64 | 1490.4 |
       Dungeon |  24546 |  20729 |   3817 |   3007 |  13928 |  15 | 1636.4 |
        Temple |    365 |    290 |     75 |      0 |    288 |   1 |  365.0 |
          Lair |  10611 |   9228 |   1383 |   1153 |   6265 |   5 | 2122.2 |
         Swamp |   4542 |   4182 |    360 |    350 |   2647 |   4 | 1135.5 |
   Spider Nest |   5784 |   5408 |    376 |    367 |   3726 |   4 | 1446.0 |
    Slime Pits |   5457 |   5193 |    264 |    616 |   2660 |   5 | 1091.4 |
  Orcish Mines |   2544 |   2112 |    432 |     52 |   1464 |   2 | 1272.0 |
   Elven Halls |   7164 |   5829 |   1335 |    125 |   3735 |   3 | 2388.0 |
        Vaults |  13388 |  12124 |   1264 |    951 |   7477 |   5 | 2677.6 |
         Crypt |   4859 |   4513 |    346 |    361 |   3050 |   3 | 1619.7 |
        Depths |  10389 |   9638 |    751 |   1395 |   5436 |   4 | 2597.2 |
          Hell |   1597 |   1476 |    121 |    407 |    460 |   1 | 1597.0 |
       Cocytus |   2541 |   2385 |    156 |    265 |   1532 |   7 |  363.0 |
      Tartarus |     16 |     16 |      0 |      0 |      0 |   1 |   16.0 |
         Abyss |   1506 |   1506 |      0 |     37 |    781 |   3 |  502.0 |
         Trove |     74 |     74 |      0 |      0 |      0 |   1 |   74.0 |
               +--------+--------+--------+--------+--------+-----+--------+

Top non-repeatable levels by time:
Depths:1: 3908 daAuts
Vaults:3: 3026 daAuts
   Elf:1: 2775 daAuts
Depths:4: 2715 daAuts
Vaults:1: 2709 daAuts
Vaults:4: 2666 daAuts
Vaults:2: 2593 daAuts
    D:11: 2435 daAuts
  Lair:4: 2405 daAuts
Vaults:5: 2393 daAuts
  Lair:3: 2380 daAuts
  Lair:5: 2322 daAuts
   Elf:3: 2198 daAuts
   Elf:2: 2190 daAuts
 Crypt:3: 2152 daAuts
